 Dungeon Sprint DCSS version 0.25-a0-589-g1e14c54 (webtiles) character file.

Game seed: 15248675669044781851, levelgen mode: deterministic

25 Faca the Chucker (level 3, -3/32 HPs)
             Began as a Formicid Hunter on Mar 9, 2020.
             Slain by a sky beast (6 damage)
             ... in the Dungeon (Sprint IX: "|||||||||||||||||||||||||||||").
             The game lasted 00:00:48 (176 turns).

Faca the Chucker (Formicid Hunter)                   Turns: 176, Time: 00:00:49

Health: -3/32      AC:  3    Str: 17    XL:     3   Next: 17%
Magic:  3/3        EV: 12    Int: 10    God:
Gold:   0          SH:  0    Dex: 11    Spells: 2/2 levels left

rFire    . . .     SeeInvis +   a - +0 short sword
rCold    . . .     Gourm    .   (no shield)
rNeg     . . .     Faith    .   b - +0 leather armour
rPois    .         Spirit   .   (helmet unavailable)
rElec    .         Reflect  .   (no cloak)
rCorr    .         Harm     .   (no gloves)
MR       .....                  (no boots)
Stlth    +.........             (no amulet)
HPRegen  0.10/turn              (no ring)
MPRegen  0.08/turn              (no ring)

@: no status effects
A: permanent stasis, dig shafts and tunnels, four strong arms, antennae 3
a: Dig


You were in the Dungeon.
You were not hungry.

You visited 1 branch

Inventory:

Hand Weapons
 a - a +0 short sword (weapon)
Missiles
 d - 2 throwing nets (quivered)
 m - 3 stones
Armour
 b - a +0 leather armour (worn)
Scrolls
 k - a scroll of blinking
Potions
 h - a potion of haste
 i - 2 potions of magic
 j - a potion of berserk rage
Comestibles
 f - a ration
 l - 3 chunks of flesh


   Skills:
 + Level 4.9 Fighting
 + Level 5.7 Throwing
 - Level 1.7 Dodging
 - Level 1.2 Stealth


You had 2 spell levels left.
You didn't know any spells.
Your spell library was empty.

Dungeon Overview and Level Annotations

Branches:
Dungeon (1/1)

Altars:


Innate Abilities, Weirdness & Mutations

You cannot be hasted, slowed, berserked, paralysed or teleported.
You can dig through walls and to a lower floor.
Your four strong arms can wield two-handed weapons with a shield.
You have a pair of large antennae on your head. (SInv)


Message History

You closely miss the sky beast.
The sky beast is severely wounded.
The sky beast closely misses you.
You closely miss the sky beast.
The sky beast is severely wounded.
The sky beast closely misses you. The sky beast hits you.
The sky beast shocks you.
* * * LOW HITPOINT WARNING * * *
You hit the sky beast but do no damage.
The sky beast is severely wounded.
The sky beast closely misses you.
Throwing (i - inventory. (/) - cycle)
c - a javelin (quivered)
Press: ? - help, Shift-Dir - straight line, f - sky beast
Aim: a sky beast (severely wounded, slightly transparent)
You throw a javelin.
The javelin barely misses the sky beast.
The sky beast hits you.
* * * LOW HITPOINT WARNING * * *
The sky beast shocks you.
You die... ▓▓▓▓▓▓▓▓▓▓▓▓▓▓▓▓▓▓ +(....Y@..))'...<▓ ▓▓▓▓▓▓▓▓▓▓▓▓▓▓▓▓▓▓

You could see a sky beast (invisible).

Vanquished Creatures
  An adder (D)
  A shadow imp (D)
  A dart slug (D)
  2 hobgoblins (D)
  A frilled lizard (D)
  2 kobolds (D)
  A leopard gecko zombie (D)
9 creatures vanquished.

Notes
Turn   | Place    | Note
-------+----------+-------------------------------------------
     0 | D        | Faca the Formicid Hunter began the quest for the Orb.
     0 | D        | Reached XP level 1. HP: 16/16 MP: 1/1
   151 | D        | Noticed a sky beast
   155 | D        | Reached XP level 2. HP: 16/25 MP: 2/2
   158 | D        | Reached skill level 5 in Throwing
   171 | D        | Reached XP level 3. HP: 22/32 MP: 3/3
   176 | D        | Slain by a sky beast

Levels and vault maps discovered:
D:        linesprint [early_d, line_temple, items_1, d_10, items_2, lair_1,
          lair_end, items_3, orc_1, orc_end, items_4, d_15, swamp_1, shoals_1,
          snake_1, spider_1, d_20, vaults_1, items_5, swamp_end, shoals_end,
          snake_end, spider_end, vaults_end, d_27, items_6, zot_1, zot_end,
          crypt_end, forest_end, elf_end, slime_end, tomb_end, abyss_end,
          pan_hell_end]

Skill      XL: |  1  2 |
---------------+-------+-----
Fighting       | 3 4 |  4.9
Throwing       | 5 |  5.7
Dodging        | |  1.7
Stealth        | |  1.2

Action                   || total
-------------------------++-------
Melee: Short sword       ||    36
Throw: Javelin           ||     6
  Use: Potion            ||     2
Armor: Leather armour    ||     5
Dodge: Dodged            ||    22

Table legend:
 A = Non-vault XP
 B = Vault XP
 C = Vault XP percentage of total XP
 D = Non-vault monster count
 E = Vault monster count
 F = Vault count percentage of total count
                 A         B        C        D         E       F
            +---------+---------+-------+---------+---------+-------
      Total |       0 |      36 | 100.0 |       0 |       9 | 100.0
            +---------+---------+-------+---------+---------+-------
          D |       0 |      36 | 100.0 |       0 |       9 | 100.0
            +---------+---------+-------+---------+---------+-------
